Celery, neutral female gnomish Wizard -------- ------ |.....*| |....| |.>....| ##############################*.....| |......| *################# # |....| ----|--- ----------#### |....| # #.........|## |....| # #|.........############# |....| # #|........| -----.------- -.---- # ###|........-#######............| ## # # |........| ## |....>......| ( ### ### #-........-##### |...........| ### # # ###---------- # |...........| # --|------### # ###|.......p...| # |.......-# ### #.......rG...-########----.----- |.....<.| # ------------- #-........| |........### |..._(.[.| |.......| #################.........| --------- ---------- Celery the Thaumaturge Experience level: 6 Strength: 9 Dexterity: 12 Constitution: 17 Intelligence: 18 Wisdom: 11 Charisma: 10 Health: 0(54) Energy: 47(52) AC: 9 Gold: 0 Moves: 4178 Your Inventory: Weapons a - a blessed +1 quarterstaff (alternate weapon; not wielded) t - a blessed [+0] dagger (weapon in hand) S - 2 uncursed [+0] daggers (in quiver) Armor b - an uncursed +0 cloak of magic resistance (being worn) Rings d - an uncursed +1 ring of gain dexterity e - an uncursed ring of see invisible Wands c - an uncursed wand of striking (0:6) K - an uncursed wand of polymorph [0:6] Tools s - a blessed bag of holding v - an uncursed key [skeleton key] X - an uncursed bag [sack] Contents of the bag of holding: 251 gold pieces an uncursed scroll labeled EIRIS SAZUN IDISI [of create monster] an uncursed scroll labeled VELOX NEB [of teleportation] a blessed scroll of enchant weapon an uncursed spellbook of detect monsters a blessed spellbook of force bolt a blessed potion called water [of holy water] an uncursed potion of booze an uncursed potion of gain ability an uncursed potion of gain energy an uncursed potion of paralysis a blessed potion of sleeping Spells known in the end: Name Level Category Fail Memory a - force bolt 1 attack 0% [|||||||.] b - detect monsters 1 divination 0% [|||||||.] Your skills at the end: Fighting Skills Weapon Skills quarterstaff [Basic / Expert] Spellcasting Skills attack spells [Basic / Expert] enchantment spells [Basic / Skilled] Final Attributes: You were piously aligned. Hunger level was 729. Your alignment was 29 / 30. Monster difficulty range was 0 - 4. Level difficulty was 3. You were magic-protected. You had infravision. You were lucky (1). You are dead. Vanquished creatures: 2 small mimics a fog cloud a gray ooze 2 giant ants 4 homunculi 2 rothes a rabid rat a giant bat 2 dwarf zombies 3 iguanas 2 acid blobs 3 hobbits a giant rat a cave spider a yellow mold 2 gnomes 5 geckos 3 jackals a fox 2 kobolds a goblin 2 sewer rats 2 grid bugs 3 lichens 3 newts 51 creatures vanquished. Voluntary challenges: You used a wielded weapon 72 times. You read items or engraved 4 times. You put on armor 1 time. You never genocided any monsters. You never polymorphed an object. You never changed form. You used no wishes. You never wrote Elbereth's name. You never encountered a bones level. You never used any Sokoban shortcuts. Dungeon overview: The Dungeons of Doom: levels 1 to 3 Level 1 a long staircase Level 2 a general store, a fountain Level 3 <- You were here an altar to Thoth stairs to The Gnomish Mines The Gnomish Mines: Level 4 stairs to The Dungeons of Doom History has recorded: On T:1 you entered the Dungeons of Doom to retrieve the Amulet of Yendor! On T:375 you reached level 2 of The Dungeons of Doom. On T:527 you advanced to experience level 2. On T:626 you advanced to experience level 3. On T:669 you advanced to experience level 4. On T:753 you advanced to experience level 5. On T:2005 you reached level 3 of The Dungeons of Doom. On T:2040 you advanced to experience level 6. On T:2302 you reached level 1 of The Gnomish Mines. Latest messages: The rock piercer bites! [HP-6=39] You miss the rock piercer. (3x) [HP+1=40] You miss the rock piercer. (2x) You hit the rock piercer. The rabid rat bites! [HP-7=33] You hit the rock piercer. The rabid rat bites! [HP-5=28] You miss the rock piercer. The rabid rat bites! [HP-2=26] You miss the rabid rat. The rabid rat bites! [HP-7=19] You miss the rabid rat. The rabid rat bites! [HP-6=13] The spell misses the rabid rat. The rabid rat bites! The rock piercer bites! You die... Final status: Goodbye Celery the Wizard... You died in The Dungeons of Doom on dungeon level 3 with 2246 points, and 251 pieces of gold, after 4178 moves. You were level 6 with a maximum of 54 hit points when you died.